Map: Dusk Towers

Players

nevanotag - Winner!

  • Race: Terran Terran
  • League: Platinum

Grumm

  • Race: Protoss Protoss
  • League: Gold

VOD

Have the link to the VOD?

Description

Time

  • Played on: Jan. 6, 2016, 4:37 p.m.
  • Length: 9:48
Show
View Real Time Build Order
Export as new Build Order

nevanotag Terran - Winner!

Build Orders: MMM Bio 

Get SALT Encoding   

  12  0:11  SCV  
  13  0:23  Supply Depot  
  13  0:24  SCV  
  14  0:36  SCV  
  15  0:47  Barracks  
  15  0:48  SCV  
  16  0:50  Refinery  
  16  1:00  SCV  
  17  1:05  Barracks  
  17  1:12  SCV  
  18  1:24  SCV  
  19  1:34  Marine  
  19  1:35  Supply Depot  
  19  1:36  Orbital Command  
  20  2:07  Command Center  
  20  2:09  SCV  
  21  2:19  Engineering Bay  
  21  2:20  Barracks Tech Lab  
  21  2:22  Barracks Reactor  
  21  2:30  SCV  
  21  2:34  Refinery  
  22  2:42  SCV  
  23  2:47  Missile Turret  
  23  2:54  SCV  
  24  3:02  Marine  
  24  3:03  Marine  
  26  3:06  SCV  
  26  3:08  Terran Infantry Weapons Level 1  
  27  3:18  SCV  
  28  3:20  Missile Turret  
  28  3:23  Orbital Command  
  28  3:30  Combat Shields, SCV  
  29  3:42  Marine, SCV  
  29  3:45  Bunker  
  32  3:48  SCV  
  32  3:53  Refinery  
  32  3:55  Refinery  
  32  3:57  Marine  
  32  3:59  Marine  
  32  4:00  SCV  
  32  4:01  Marine  
  36  4:05  SCV  
  37  4:12  SCV  
  37  4:15  Marine  
  37  4:16  Marine  
  40  4:17  SCV  
  40  4:19  Factory  
  41  4:28  Supply Depot  
  41  4:29  SCV x2  
  42  4:49  Marine x3  
  38  5:09  Marine x3  
  38  5:11  Bunker, Stimpack  
  41  5:17  SCV  
  41  5:21  Supply Depot  
  42  5:24  SCV  
  42  5:27  Marine x3  
  46  5:29  Terran Infantry Armor Level 1  
  46  5:30  Supply Depot  
  46  5:42  SCV  
  47  5:44  Marine x2  
  47  5:45  Marine  
  50  5:53  Starport, Supply Depot  
  50  5:54  Starport, SCV  
  51  5:59  Widow Mine  
  53  6:05  Marine x3  
  53  6:07  SCV  
  58  6:11  SCV  
  58  6:15  Supply Depot  
  58  6:19  SCV  
  58  6:23  Marine x3, SCV  
  63  6:31  SCV  
  64  6:35  SCV  
  64  6:38  Supply Depot  
  65  6:40  Marine  
  65  6:41  Marine x2  
  65  6:43  SCV  
  69  6:49  Viking x2  
  65  7:18  Medivac  
  65  7:19  Medivac  
  70  7:53  Missile Turret  
  70  7:55  Marine x3  
  73  8:04  Supply Depot  
  73  8:05  Medivac  
  73  8:06  Medivac  
  73  8:13  Marine x3  
  73  8:15  Supply Depot  
  76  8:31  Marine x3  
  79  8:35  Medivac  
  79  8:36  Medivac  
  79  8:37  Supply Depot  
  83  8:49  Marine x3  
  86  8:56  Command Center  
  86  8:59  Command Center  
  86  9:02  Starport x2, Armory, SCV  
  87  9:04  Armory  
  87  9:06  Marine  
  87  9:07  Marine x2  
  90  9:13  Supply Depot  
  90  9:14  SCV  
  90  9:16  Starport Tech Lab x2  
  91  9:24  Marine x3  
Show
View Real Time Build Order
Export as new Build Order

Grumm Protoss 

Build Orders: Oracle Opening 

Get SALT Encoding   

  12  0:01  Probe (Chrono Boost)  
  13  0:12  Probe (Chrono Boost)  
  14  0:18  Pylon  
  14  0:22  Probe (Chrono Boost)  
  15  0:36  Probe (Chrono Boost)  
  15  0:37  Gateway  
  16  0:46  Assimilator  
  16  0:47  Probe (Chrono Boost)  
  17  0:57  Probe (Chrono Boost)  
  17  1:00  Assimilator  
  18  1:08  Probe (Chrono Boost)  
  19  1:11  Pylon  
  19  1:18  Probe (Chrono Boost)  
  19  1:25  Cybernetics Core  
  20  1:29  Probe (Chrono Boost)  
  21  1:37  Gateway  
  21  1:41  Probe (Chrono Boost)  
  22  1:52  Gateway  
  22  1:56  Zealot  
  22  2:00  Probe (Chrono Boost)  
  25  2:04  Warp Gate (Chrono Boost)  
  25  2:19  Pylon  
  25  2:20  Probe  
  26  2:32  Adept x2  
  26  2:33  Probe  
  31  2:39  Stalker  
  33  3:01  Stargate  
  33  3:03  Pylon  
  33  3:06  Pylon  
  33  3:15  Stalker  
  33  3:17  Stalker  
  37  3:20  Sentry  
  39  3:45  Oracle (Chrono Boost)  
  42  4:01  Stalker, Nexus  
  44  4:10  Pylon  
  44  4:12  Probe  
  45  4:17  Adept  
  31  5:02  Probe  
  31  5:03  Zealot x3  
  33  5:08  Void Ray (Chrono Boost)  
  37  5:14  Probe  
  37  5:17  Assimilator  
  38  5:22  Assimilator  
  38  5:23  Pylon  
  38  5:26  Probe  
  37  5:38  Stalker  
  37  5:39  Stalker  
  37  5:40  Adept  
  43  5:53  Void Ray (Chrono Boost)  
  47  5:57  Probe  
  47  5:58  Probe  
  49  6:08  Probe  
  49  6:09  Probe  
  49  6:10  Stalker  
  53  6:11  Stalker  
  53  6:13  Sentry  
  57  6:21  Probe  
  57  6:22  Probe  
  57  7:07  Zealot x3  
  38  7:33  Probe  
  38  7:34  Probe, Stalker x2  
  38  7:35  Stalker  
  46  7:37  Void Ray (Chrono Boost)  
  46  7:43  Twilight Council  
  46  7:45  Pylon, Probe  
  46  7:48  Gateway  
  46  7:49  Gateway  
  47  8:02  Pylon  
  47  8:03  Stalker x3  
  53  8:15  Forge  
  53  8:27  Void Ray  
  53  8:28  Stalker  
  53  8:29  Stalker x2  
  63  8:44  Dark Shrine  
  63  8:58  Zealot  
  63  8:59  Sentry  
  67  9:03  Nexus  
  67  9:09  Pylon  
  67  9:16  Stalker  
  69  9:17  Zealot  
  59  9:36  Zealot x4  
Tags
 
Add a new tag
Caveats
  • Supply blocks, unpowered buildings, or Contaminate may cause inaccurate times.
  • Supply counts are checked every 10 seconds.